 Dungeon Crawl Stone Soup version 0.27.0-1-g7a089689b8 (webtiles) character file.

Game seed: 173612240190771632

40 PentaManta the Ruffian (level 3, -8/31 HPs)
             Began as a Ghoul Monk on Aug 16, 2021.
             Mangled by an ogre (19 damage)
             ... on level 3 of the Dungeon.
             The game lasted 00:02:05 (1863 turns).

PentaManta the Ruffian (Ghoul Monk)                 Turns: 1863, Time: 00:02:05

Health: -8/31      AC:  7    Str: 15    XL:     3   Next: 50%
Magic:  2/2        EV:  9    Int:  5    God:
Gold:   35         SH:  0    Dex: 11    Spells: 2/2 levels left

rFire    . . .     SeeInvis .     - Unarmed
rCold    + . .     Faith    .   (no shield)
rNeg     + + +     Spirit   .   c - +0 scale mail
rPois    ∞         Reflect  .   (no helmet)
rElec    .         Harm     .   i - +0 cloak
rCorr    .         Rampage  .   (no gloves)
Will     .....                  (no boots)
Stlth    ..........             (no amulet)
HPRegen  0.00/turn              (no ring)
MPRegen  0.08/turn              (no ring)

@: inhibited regen
A: claws 1, cold resistance 1, negative energy resistance 3, inhibited
regeneration, torment resistance 2
a: no special abilities


You were on level 3 of the Dungeon.
You visited 1 branch of the dungeon, and saw 3 of its levels.

You collected 35 gold pieces.

Inventory:

Missiles
 k - 6 poisoned darts (quivered)
Armour
 c - a +0 scale mail (worn)
 i - a +0 cloak (worn)
Jewellery
 g - a ring of ice
Scrolls
 a - a scroll of fog {unknown}
 b - a scroll of immolation {unknown}
 f - a scroll of torment {unknown}
 j - a scroll of enchant armour {unknown}
Potions
 d - a potion of flight {unknown}
 e - a potion of heal wounds {unknown}
 h - 2 potions of curing {unknown}


   Skills:
 - Level 3.2 Fighting
 - Level 2.6 Dodging
 - Level 2.1 Stealth
 + Level 4.9 Unarmed Combat


You had 2 spell levels left.
You didn't know any spells.
Your spell library contained the following spells:

 Spells                   Type           Power      Damage    Failure   Level
 Conjure Flame            Conj/Fire      0%         6-21      100%        3
 Ignite Poison            Fire/Tmut/Pois 0%         N/A       100%        3
 Sticky Flame             Conj/Fire      0%         2d3       100%        4


Dungeon Overview and Level Annotations

Branches:
Dungeon (3/15)

Altars:
Ashenzari

Shops:
D:2 [


Innate Abilities, Weirdness & Mutations

You thrive by killing the living.
You are immune to poison.
You have sharp fingernails.
Your flesh is cold resistant. (rC+)
You are immune to negative energy. (rN+++)
You do not regenerate when monsters are visible.
You are immune to unholy pain and torment.


Message History

You enter the shallow water.
Moving in this stuff is going to be slow.
You enter the shallow water.
Moving in this stuff is going to be slow.
You enter the shallow water.
Moving in this stuff is going to be slow.
You see here 6 poisoned darts.
k - 6 poisoned darts
There is a stone staircase leading down here.
You climb downwards.
There is a stone staircase leading up here.
A rat comes into view.
You scratch the rat.
You kill the rat!
No target in view!
No target in view!
Found a stone staircase leading down.
You open the door.
There is an open door here.
You open the door.
There is an open door here.
Found a broken altar of Ashenzari.
An ogre comes into view. It is wielding a +0 giant spiked club.
The ogre shouts!
The ogre barely misses you.
A giant cockroach comes into view.
You claw the ogre!
The ogre is moderately wounded.
The ogre barely misses you.
You scratch the ogre.
The ogre is moderately wounded.
You scratch the ogre but do no damage.
The ogre is moderately wounded.
The ogre hits you with a +0 giant spiked club!!
Ouch! That really hurt!
You claw the ogre!
The ogre is severely wounded.
The ogre hits you with a +0 giant spiked club!!
Ouch! That really hurt!
You die...

###########....
+.....##.......
#.###.##.....#
###.##.B...#
#....#.....#
########.##.#.....#
.≈≈≈≈≈..###.#.O...#
≈.....≈.# #..@....#
≈.≈≈≈.≈.#............
≈≈...≈≈.####.......#.
≈≈._.≈≈.# #.......#
≈≈...≈≈.# ##.####.#
≈.≈≈≈.≈.# #.. #
≈.....≈.# #..#
.≈≈≈≈≈..## #...
########.#####.#


You could see an ogre and a giant cockroach.

Vanquished Creatures
  2 dart slugs (D:1)
  4 ball pythons
  An endoplasm (D:1)
  A giant cockroach (D:1)
  3 goblins
  2 hobgoblins (D:2)
  6 jackals (D:1)
  A quokka (D:1)
  6 bats
  3 kobolds (D:1)
  4 rats
33 creatures vanquished.

Notes
Turn   | Place    | Note
-------+----------+-------------------------------------------
     0 | D:1      | PentaManta the Ghoul Monk began the quest for the Orb.
     0 | D:1      | Reached XP level 1. HP: 19/19 MP: 0/0
   136 | D:1      | Reached XP level 2. HP: 22/26 MP: 1/1
   209 | D:1      | Reached skill level 4 in Unarmed Combat
   430 | D:1      | Reached XP level 3. HP: 31/31 MP: 2/2
  1341 | D:2      | Found Paukuh's Antique Armour Shoppe.
  1696 | D:2      | Found a faded altar of an unknown god.
  1834 | D:3      | Found a broken altar of Ashenzari.
  1857 | D:3      | Noticed an ogre
  1863 | D:3      | Mangled by an ogre

Illustrated notes

Levels and vault maps discovered:
D:1:      minmay_arrival_solitary_statue, layout_basic
D:2:      layout_basic, shapermc_ecumenical_altar_hornbeckon, serial_shops,
          shop, chequers_serial_rivers_micro_b, corner_web_ring
D:3:      minmay_spotlight, layout_basic, mainiacjoe_overflow_paths,
          gammafunk_ghost_necromancy, minmay_misc_feat_five, minmay_vboxes

Skill      XL: |  1  2 |
---------------+-------+-----
Unarmed Combat | 4 |  4.9
Fighting       | |  3.2
Dodging        | |  2.6
Stealth        | |  2.1

Action                   || total
-------------------------++-------
Melee: Unarmed           ||    94
       Punch             ||     1
Armor: Scale mail        ||    36
Dodge: Dodged            ||    46
